PHILADELPHIA vs CALGARY

Created - June 4, 2021 at 10:47

Goals
1 2 3 T
PHILADELPHIA 2 0 0 2
CALGARY 4 2 0 6
Shots
1 2 3 T
PHILADELPHIA 9 12 12 33
CALGARY 17 11 7 35

1st period

1. PHILADELPHIA , Jeff Skinner 15 (Korbinian Holzer 5) at 4:34
2. CALGARY , Derick Brassard 10 (Rasmus Dahlin 27, Mitchell Marner 33) at 6:06
3. CALGARY , Elias Pettersson 26 (Mitchell Marner 34) at 7:38
4. CALGARY , Blake Coleman 16 (Tyler Bertuzzi 22, Jake Gardiner 23) at 14:22
5. CALGARY , Jake Gardiner 3 (Brock Boeser 32, Tyler Bertuzzi 23) at 15:37 (PP)
6. PHILADELPHIA , Rickard Rakell 24 (Erik Gudbranson 16, Anthony Cirelli 37) at 17:03

Penalties :
Jeff Skinner (PHI) for Slashing (Minor) at 7:39, Brandon Montour (PHI) for Interference (Minor) at 10:28, Adam Pelech (PHI) for Diving (Minor) at 15:21, Zach Bogosian (CGY) for Slashing (Double Minor) at 17:20, Andy Andreoff (PHI) for Tripping (Minor) at 17:20

2nd period

7. CALGARY , Mitchell Marner 26 (Markus Nutivaara 20, Zach Bogosian 13) at 8:25
8. CALGARY , Blake Coleman 17 (Tyler Bertuzzi 24, Jamie Benn 32) at 14:40

Penalties :
Jamie Benn (CGY) for Holding (Minor) at 4:08, Korbinian Holzer (PHI) for Hooking (Minor) at 12:10

3rd period

No Goal

Penalties :
Andrew Shaw (PHI) for Hooking (Minor) at 15:41

Goalie Stats

Anton Forsberg (PHI), 29 saves from 35 shots - (0.829), L, 3-4-0, 60:00 minutes
Pavel Francouz (CGY), 31 saves from 33 shots - (0.939), W, 37-20-6, 60:00 minutes

Players Stats for PHILADELPHIA

Player Name              G  A  P  +/- PIM S  H  SB GA TA FO     MP     PP MP  PK MP  
------------------------------------------------------------------------------------
Adam Pelech              0  0  0  -1  2   1  1  1  0  0  0/0    24:00   1:10   4:35 
Andre Burakovsky         0  0  0   1  0   2  0  1  0  0  0/0    18:29   1:10   2:12 
Andrew Shaw              0  0  0   0  2   1  1  0  0  0  7/18   12:36   0:00   0:00 
Andy Andreoff            0  0  0   0  2   1  0  0  0  0  0/1    12:36   0:00   0:00 
Anthony Cirelli          0  1  1   1  0   6  1  0  0  0  9/21   23:06   1:10   5:44 
Brandon Montour          0  0  0  -1  2   2  0  1  0  0  0/0    22:45   1:10   3:20 
Eeli Tolvanen            0  0  0  -1  0   0  2  0  0  0  0/0     5:38   0:00   0:00 
Erik Gudbranson          0  1  1   0  0   0  5  2  0  0  0/0    22:46   2:49   4:06 
Jack Hughes              0  0  0  -1  0   1  1  0  0  0  3/7     5:38   0:00   0:00 
Jeff Skinner             1  0  1  -3  2   6  1  0  0  0  5/7    17:42   2:49   1:32 
Korbinian Holzer         0  1  1  -2  2   2  7  1  0  0  0/0    13:41   0:00   0:00 
Mathias Brome            0  0  0  -1  0   0  1  0  0  0  0/1     5:54   0:00   0:16 
Max Jones                0  0  0   0  0   0  0  0  0  0  0/2    13:33   0:00   0:56 
Mikko Lehtonen           0  0  0  -2  0   0  1  2  0  0  0/0    14:28   0:00   0:46 
Rickard Rakell           1  0  1   1  0   5  1  0  0  0  8/14   23:06   1:10   5:44 
Travis Sanheim           0  0  0   0  0   0  1  1  0  0  0/0    22:17   2:49   3:37 
Tyler Ennis              0  0  0  -3  0   3  0  1  0  0  12/21  15:44   2:49   0:00 
Tyler Pitlick            0  0  0  -3  0   3  2  1  0  0  0/1    15:44   2:49   0:00 

Players Stats for CALGARY

Player Name              G  A  P  +/- PIM S  H  SB GA TA FO     MP     PP MP  PK MP  
------------------------------------------------------------------------------------
Anthony Bitetto          0  0  0   1  0   0  1  1  0  0  0/0     5:01   0:00   0:22 
Blake Coleman            2  0  2   1  0   3  1  1  0  0  0/2    17:17   0:00   2:37 
Brock Boeser             0  1  1   0  0   3  1  0  0  0  0/2    17:18   3:58   0:53 
Chris Tierney            0  0  0   0  0   1  0  0  0  0  13/22  12:31   0:00   0:41 
Derick Brassard          1  0  1   1  0   3  0  0  0  0  0/2    15:29   0:00   0:50 
Elias Pettersson         1  0  1   1  0   4  0  0  0  0  12/27  21:54   4:14   0:35 
Jaccob Slavin            0  0  0   1  0   4  1  2  0  0  0/0    26:12   3:53   1:19 
Jake Gardiner            1  1  2   0  0   2  0  0  0  0  0/0    20:30   4:19   2:18 
Jamie Benn               0  1  1   1  2   3  2  1  0  0  17/27  20:49   3:58   1:35 
Joel Kellman             0  0  0   0  0   0  0  0  0  0  0/0     1:09   0:00   0:00 
Markus Nutivaara         0  1  1   2  0   0  0  1  0  0  0/0    12:41   0:00   0:22 
Matt Nieto               0  0  0   1  0   0  0  0  0  0  0/0     2:49   0:00   0:00 
Mikhail Sergachev        0  0  0   0  0   1  3  0  0  0  0/0    21:33   3:53   1:19 
Mitchell Marner          1  2  3   2  0   2  1  0  0  0  4/5    25:00   4:14   0:25 
Patrik Laine             0  0  0   1  0   4  0  0  0  0  2/4    21:22   4:14   0:00 
Rasmus Dahlin            0  1  1   0  0   3  0  0  0  0  0/0    21:07   4:19   2:18 
Tyler Bertuzzi           0  3  3   1  0   2  1  1  0  0  1/2    19:00   3:58   0:22 
Zach Bogosian            0  1  1   2  4   0  5  0  0  0  0/0    12:18   0:00   0:00 

3 Stars

1 - Mitchell Marner (CGY)
2 - Blake Coleman (CGY)
3 - Tyler Bertuzzi (CGY)

Power Play

PHILADELPHIA - 0 on 2 Attempt(s) - 0.00%
CALGARY - 1 on 5 Attempt(s) - 20.00%

Penalty Kill

PHILADELPHIA - 4 on 5 Attempt(s) - 80.00% - Score 0 goal in Penalty Kill
CALGARY - 2 on 2 Attempt(s) - 100.00% - Score 0 goal in Penalty Kill

Team Stat

PHILADELPHIA - Hits : 25 - Faceoff Wins : 44 - Blocked Shots : 11 - Penalty Minutes : 12
CALGARY - Hits : 16 - Faceoff Wins : 49 - Blocked Shots : 7 - Penalty Minutes : 6

Official

Referees : Nick Kaddie and Dean Morton
Linesman : Adam Buckingham and Jake Davis

Game Notes

No Game Note

Finance

Level 1 -- Attendance: 5624 (93.73%) -- Ticket Income $449,920
Level 2 -- Attendance: 5000 (100.00%) -- Ticket Income $250,000
Level 3 -- Attendance: 1932 (96.60%) -- Ticket Income $57,960
Level 4 -- Attendance: 4000 (100.00%) -- Ticket Income $40,000
Luxury Box -- Attendance: 864 (86.40%) -- Ticket Income $151,200
Game was played at the Saddledome.
Total Attendance: 17420 (96.78%)
Total Ticket Income: $949,080
Total Income: $949,080

PHILADELPHIA

5 vs 5 Forward 
   Center                   Left Wing                Right Wing               Time % Phy DF OF 
 1 Anthony Cirelli          Rickard Rakell           Andre Burakovsky         35     1   2  2  
 2 Tyler Ennis              Jeff Skinner             Tyler Pitlick            30     1   2  2  
 3 Andrew Shaw              Max Jones                Andy Andreoff            25     1   2  2  
 4 Jack Hughes              Mathias Brome            Eeli Tolvanen            10     1   2  2  

5 vs 5 Defense 
   Defense                  Defense                                           Time % Phy DF OF 
 1 Brandon Montour          Adam Pelech                                       35     1   2  2  
 2 Travis Sanheim           Erik Gudbranson                                   30     1   2  2  
 3 Korbinian Holzer         Mikko Lehtonen                                    25     1   2  2  
 4 Brandon Montour          Adam Pelech                                       10     1   2  2  

PowerPlay Forward 
   Center                   Left Wing                Right Wing               Time % Phy DF OF 
 1 Anthony Cirelli          Rickard Rakell           Andre Burakovsky         60     1   2  2  
 2 Tyler Ennis              Jeff Skinner             Tyler Pitlick            40     1   2  2  

PowerPlay Defense
   Defense                  Defense                                           Time % Phy DF OF 
 1 Brandon Montour          Adam Pelech                                       60     1   2  2  
 2 Travis Sanheim           Erik Gudbranson                                   40     1   2  2  

Penalty Kill 4 Players Forward 
   Center                   Wing                     Time % Phy DF OF 
 1 Rickard Rakell           Anthony Cirelli          60     1   2  2  
 2 Jeff Skinner             Andre Burakovsky         40     1   2  2  

Penalty Kill 4 Players Defense
   Defense                  Defense                  Time % Phy DF OF 
 1 Brandon Montour          Adam Pelech              60     1   2  2  
 2 Travis Sanheim           Erik Gudbranson          40     1   2  2  

Penalty Kill - 3 Players Forward 
   Forward                                           Time % Phy DF OF 
 1 Rickard Rakell                                    60     1   2  2  
 2 Anthony Cirelli                                   40     1   2  2  

Penalty Kill - 3 Players Defense
   Defense                  Defense                  Time % Phy DF OF 
 1 Brandon Montour          Adam Pelech              60     1   2  2  
 2 Travis Sanheim           Erik Gudbranson          40     1   2  2  

4 vs 4 Forward 
   Center                   Wing                     Time % Phy DF OF 
 1 Rickard Rakell           Anthony Cirelli          60     1   2  2  
 2 Jeff Skinner             Andre Burakovsky         40     1   2  2  

4 vs 4 Defense
   Defense                  Defense                  Time % Phy DF OF 
 1 Brandon Montour          Adam Pelech              60     1   2  2  
 2 Travis Sanheim           Erik Gudbranson          40     1   2  2  

Last Minutes Offensive
   Center                   Left Wing                Right Wing               Defense                  Defense                  
   Anthony Cirelli          Rickard Rakell           Andre Burakovsky         Brandon Montour          Adam Pelech              

Last Minutes Defensive
   Center                   Left Wing                Right Wing               Defense                  Defense                  
   Anthony Cirelli          Rickard Rakell           Andre Burakovsky         Brandon Montour          Adam Pelech              

Goaltenders
Starting : Anton Forsberg           
Backup : Anthony Stolarz          

Extra Forwards
Normal : Andrew Shaw, Jack Hughes, Max Jones - PP : Andrew Shaw, Jack Hughes - PK : Max Jones
Extra Defensemen
Normal : Korbinian Holzer, Mikko Lehtonen, Erik Gudbranson - PP : Korbinian Holzer - PK : Mikko Lehtonen, Erik Gudbranson
Penalty Shots
Rickard Rakell, Anthony Cirelli, Jeff Skinner, Andre Burakovsky, Tyler Ennis

Scratches
Niklas Kronwall (Healthy), PHI Cap Hit (Suspend), Dan Girardi (Healthy)

CALGARY

5 vs 5 Forward 
   Center                   Left Wing                Right Wing               Time % Phy DF OF 
 1 Elias Pettersson         Mitchell Marner          Patrik Laine             35     0   2  3  
 2 Jamie Benn               Tyler Bertuzzi           Blake Coleman            30     0   2  3  
 3 Chris Tierney            Derick Brassard          Brock Boeser             25     0   2  3  
 4 Derick Brassard          Mitchell Marner          Matt Nieto               10     2   3  0  

5 vs 5 Defense 
   Defense                  Defense                                           Time % Phy DF OF 
 1 Jaccob Slavin            Mikhail Sergachev                                 35     1   2  2  
 2 Jake Gardiner            Rasmus Dahlin                                     30     1   2  2  
 3 Zach Bogosian            Markus Nutivaara                                  25     1   2  2  
 4 Anthony Bitetto          Jaccob Slavin                                     10     1   2  2  

PowerPlay Forward 
   Center                   Left Wing                Right Wing               Time % Phy DF OF 
 1 Elias Pettersson         Mitchell Marner          Patrik Laine             60     0   1  4  
 2 Jamie Benn               Tyler Bertuzzi           Brock Boeser             40     0   1  4  

PowerPlay Defense
   Defense                  Defense                                           Time % Phy DF OF 
 1 Jaccob Slavin            Mikhail Sergachev                                 60     0   1  4  
 2 Jake Gardiner            Rasmus Dahlin                                     40     0   1  4  

Penalty Kill 4 Players Forward 
   Center                   Wing                     Time % Phy DF OF 
 1 Jamie Benn               Blake Coleman            60     1   4  0  
 2 Chris Tierney            Mitchell Marner          40     1   4  0  

Penalty Kill 4 Players Defense
   Defense                  Defense                  Time % Phy DF OF 
 1 Jaccob Slavin            Mikhail Sergachev        60     1   4  0  
 2 Jake Gardiner            Rasmus Dahlin            40     1   4  0  

Penalty Kill - 3 Players Forward 
   Forward                                           Time % Phy DF OF 
 1 Chris Tierney                                     60     1   4  0  
 2 Elias Pettersson                                  40     1   4  0  

Penalty Kill - 3 Players Defense
   Defense                  Defense                  Time % Phy DF OF 
 1 Jaccob Slavin            Mikhail Sergachev        60     1   4  0  
 2 Jake Gardiner            Rasmus Dahlin            40     1   4  0  

4 vs 4 Forward 
   Center                   Wing                     Time % Phy DF OF 
 1 Mitchell Marner          Elias Pettersson         60     0   2  3  
 2 Patrik Laine             Jamie Benn               40     0   2  3  

4 vs 4 Defense
   Defense                  Defense                  Time % Phy DF OF 
 1 Jaccob Slavin            Mikhail Sergachev        60     0   2  3  
 2 Brock Boeser             Rasmus Dahlin            40     0   2  3  

Last Minutes Offensive
   Center                   Left Wing                Right Wing               Defense                  Defense                  
   Elias Pettersson         Mitchell Marner          Patrik Laine             Jaccob Slavin            Mikhail Sergachev        

Last Minutes Defensive
   Center                   Left Wing                Right Wing               Defense                  Defense                  
   Elias Pettersson         Mitchell Marner          Patrik Laine             Jaccob Slavin            Mikhail Sergachev        

Goaltenders
Starting : Pavel Francouz           
Backup : Jack Campbell            

Extra Forwards
Normal : Joel Kellman, Chris Tierney, Brock Boeser - PP : Joel Kellman, Chris Tierney - PK : Brock Boeser
Extra Defensemen
Normal : Zach Bogosian, Markus Nutivaara, Anthony Bitetto - PP : Zach Bogosian - PK : Markus Nutivaara, Anthony Bitetto
Penalty Shots
Mitchell Marner, Elias Pettersson, Patrik Laine, Jamie Benn, Blake Coleman

Scratches
Drake Caggiula (Healthy), CGY Cap Hit (Suspend)

% Time on Ice - PHILADELPHIA

Lines # - Real PCT - Wanted PCT - Time Play
Normal Forward
1 - 32% - 35% - 14:40
2 - 28% - 30% - 12:55
3 - 28% - 25% - 12:37
4 - 12% - 10% - 5:38
Normal Defense
1 - 34% - 35% - 15:47
2 - 33% - 30% - 14:55
3 - 30% - 25% - 13:42
4 - 3% - 10% - 1:26
PP Forward
1 - 29% - 60% - 1:10
2 - 71% - 40% - 2:49
PP Defense
1 - 29% - 60% - 1:10
2 - 71% - 40% - 2:49
PK Forward
1 - 73% - 60% - 6:00
2 - 27% - 40% - 2:12
PK Defense
1 - 56% - 60% - 4:35
2 - 44% - 40% - 3:37
PK3 Forward
1 - 0% - 60%
2 - 0% - 40%
PK3 Defense
1 - 0% - 60%
2 - 0% - 40%
44 Forward
1 - 77% - 60% - 1:32
2 - 23% - 40% - 0:27
44 Defense
1 - 53% - 60% - 1:03
2 - 47% - 40% - 0:56
Last Minute Offensive  - 0:00
Last Minute Defensive  - 0:00
Total
Forward - 60:00
Defense - 60:00

% Time on Ice - CALGARY

Lines # - Real PCT - Wanted PCT - Time Play
Normal Forward
1 - 36% - 35% - 16:31
2 - 32% - 30% - 14:40
3 - 26% - 25% - 11:50
4 - 6% - 10% - 2:49
Normal Defense
1 - 33% - 35% - 14:59
2 - 30% - 30% - 13:53
3 - 27% - 25% - 12:19
4 - 10% - 10% - 4:39
PP Forward
1 - 52% - 60% - 4:14
2 - 48% - 40% - 3:58
PP Defense
1 - 47% - 60% - 3:53
2 - 53% - 40% - 4:19
PK Forward
1 - 90% - 60% - 3:34
2 - 10% - 40% - 0:25
PK Defense
1 - 42% - 60% - 1:41
2 - 58% - 40% - 2:18
PK3 Forward
1 - 0% - 60%
2 - 0% - 40%
PK3 Defense
1 - 0% - 60%
2 - 0% - 40%
44 Forward
1 - 69% - 60% - 1:22
2 - 31% - 40% - 0:37
44 Defense
1 - 69% - 60% - 1:22
2 - 31% - 40% - 0:37
Last Minute Offensive  - 0:00
Last Minute Defensive  - 0:00
Total
Forward - 60:00
Defense - 60:00

Play-by-Play

1st period


0:01 of 1st period - Anthony Cirelli wins face-off versus Elias Pettersson in neutral zone.
0:34 of 1st period - Shot by Anthony Cirelli.
0:34 of 1st period - Shot Misses the Net.
1:02 of 1st period - Shot by Jeff Skinner.
1:02 of 1st period - Shot Misses the Net.
1:04 of 1st period - Shot by Jeff Skinner.
1:04 of 1st period - Deflect By Tyler Pitlick.
1:04 of 1st period - Stopped by Pavel Francouz without a rebound.
1:05 of 1st period - Jamie Benn wins face-off versus Andrew Shaw in CALGARY zone.
1:09 of 1st period - Rasmus Dahlin is hit by Korbinian Holzer and loses puck.
1:20 of 1st period - Shot by Tyler Bertuzzi.
1:20 of 1st period - Stopped by Anton Forsberg without a rebound.
1:21 of 1st period - Tyler Ennis wins face-off versus Chris Tierney in PHILADELPHIA zone.
2:14 of 1st period - Icing by Mikko Lehtonen.
2:15 of 1st period - Andrew Shaw wins face-off versus Jamie Benn in PHILADELPHIA zone.
2:32 of 1st period - Shot by Andrew Shaw.
2:32 of 1st period - Shot Blocked by Tyler Bertuzzi.
2:34 of 1st period - Shot by Korbinian Holzer.
2:34 of 1st period - Stopped by Pavel Francouz without a rebound.
2:35 of 1st period - Elias Pettersson wins face-off versus Jack Hughes in CALGARY zone.
2:51 of 1st period - Anthony Bitetto is hit by Eeli Tolvanen and loses puck.
2:58 of 1st period - Shot by Jack Hughes.
2:58 of 1st period - Shot Misses the Net.
3:34 of 1st period - Shot by Rickard Rakell.
3:34 of 1st period - Shot Blocked by Jaccob Slavin.
3:40 of 1st period - Shot by Anthony Cirelli.
3:40 of 1st period - Shot Misses the Net.
4:17 of 1st period - Jamie Benn is hit by Tyler Pitlick and loses puck.
4:34 of 1st period - Shot by Jeff Skinner.
4:34 of 1st period - Goal by Jeff Skinner - PHILADELPHIA : 1 - CALGARY : 0.
4:35 of 1st period - Chris Tierney wins face-off versus Andrew Shaw in neutral zone.
5:09 of 1st period - Shot by Brandon Montour.
5:09 of 1st period - Stopped by Pavel Francouz without a rebound.
5:10 of 1st period - Tyler Ennis wins face-off versus Jamie Benn in CALGARY zone.
5:13 of 1st period - Shot by Tyler Pitlick.
5:13 of 1st period - Shot Misses the Net.
5:28 of 1st period - Blake Coleman is hit by Korbinian Holzer.
6:06 of 1st period - Shot by Derick Brassard.
6:06 of 1st period - Goal by Derick Brassard - PHILADELPHIA : 1 - CALGARY : 1.
6:07 of 1st period - Anthony Cirelli wins face-off versus Elias Pettersson in neutral zone.
6:15 of 1st period - Anthony Cirelli is hit by Zach Bogosian and loses puck.
6:30 of 1st period - Shot by Anthony Cirelli.
6:30 of 1st period - Stopped by Pavel Francouz without a rebound.
6:31 of 1st period - Andrew Shaw wins face-off versus Brock Boeser in CALGARY zone.
7:05 of 1st period - Off-side.
7:06 of 1st period - Jamie Benn wins face-off versus Anthony Cirelli in neutral zone.
7:32 of 1st period - Off-side.
7:33 of 1st period - Elias Pettersson wins face-off versus Tyler Pitlick in neutral zone.
7:38 of 1st period - Shot by Elias Pettersson.
7:38 of 1st period - Goal by Elias Pettersson - PHILADELPHIA : 1 - CALGARY : 2.
7:39 of 1st period - Elias Pettersson wins face-off versus Tyler Ennis in neutral zone.
7:39 of 1st period - Minor Penalty to Jeff Skinner for Slashing.
7:40 of 1st period - Rickard Rakell wins face-off versus Elias Pettersson in PHILADELPHIA zone.
7:46 of 1st period - Icing by Elias Pettersson.
7:47 of 1st period - Rickard Rakell wins face-off versus Elias Pettersson in CALGARY zone.
7:50 of 1st period - Shot by Anthony Cirelli.
7:50 of 1st period - Shot Blocked by Jaccob Slavin.
8:16 of 1st period - Shot by Elias Pettersson.
8:16 of 1st period - Stopped by Anton Forsberg with a rebound.
9:09 of 1st period - Shot by Brock Boeser.
9:09 of 1st period - Stopped by Anton Forsberg without a rebound.
9:10 of 1st period - Jamie Benn wins face-off versus Max Jones in PHILADELPHIA zone.
9:24 of 1st period - Off-side.
9:25 of 1st period - Jamie Benn wins face-off versus Rickard Rakell in neutral zone.
9:36 of 1st period - Shot by Jake Gardiner.
9:36 of 1st period - Stopped by Anton Forsberg with a rebound.
9:38 of 1st period - Shot by Rasmus Dahlin.
9:38 of 1st period - Shot Misses the Net.
9:50 of 1st period - Shot by Tyler Pitlick.
9:50 of 1st period - Stopped by Pavel Francouz with a rebound.
9:52 of 1st period - Shot by Tyler Ennis.
9:52 of 1st period - Stopped by Pavel Francouz without a rebound.
9:53 of 1st period - Chris Tierney wins face-off versus Andrew Shaw in CALGARY zone.
10:28 of 1st period - Minor Penalty to Brandon Montour for Interference.
10:29 of 1st period - Rickard Rakell wins face-off versus Elias Pettersson in PHILADELPHIA zone.
11:03 of 1st period - Shot by Rasmus Dahlin.
11:03 of 1st period - Stopped by Anton Forsberg without a rebound.
11:04 of 1st period - Jamie Benn wins face-off versus Jeff Skinner in PHILADELPHIA zone.
11:04 of 1st period - Jaccob Slavin is hit by Adam Pelech and loses puck.
11:13 of 1st period - Shot by Jaccob Slavin.
11:13 of 1st period - Shot Blocked by Andre Burakovsky.
11:15 of 1st period - Shot by Jaccob Slavin.
11:15 of 1st period - Shot Misses the Net.
11:17 of 1st period - Shot by Jaccob Slavin.
11:17 of 1st period - Stopped by Anton Forsberg without a rebound.
11:18 of 1st period - Elias Pettersson wins face-off versus Rickard Rakell in PHILADELPHIA zone.
11:19 of 1st period - Shot by Jaccob Slavin.
11:19 of 1st period - Stopped by Anton Forsberg without a rebound.
11:20 of 1st period - Rickard Rakell wins face-off versus Patrik Laine in PHILADELPHIA zone.
11:37 of 1st period - Shot by Mikhail Sergachev.
11:37 of 1st period - Stopped by Anton Forsberg with a rebound.
11:39 of 1st period - Shot by Mikhail Sergachev.
11:39 of 1st period - Shot Misses the Net.
11:41 of 1st period - Shot by Elias Pettersson.
11:41 of 1st period - Deflect By Patrik Laine.
11:41 of 1st period - Shot Blocked by Mikko Lehtonen.
11:43 of 1st period - Shot by Mikhail Sergachev.
11:43 of 1st period - Shot Misses the Net.
11:47 of 1st period - Shot by Mikhail Sergachev.
11:47 of 1st period - Shot Blocked by Adam Pelech.
11:49 of 1st period - Shot by Mitchell Marner.
11:49 of 1st period - Stopped by Anton Forsberg without a rebound.
11:50 of 1st period - Jeff Skinner wins face-off versus Jamie Benn in PHILADELPHIA zone.
12:31 of 1st period - Off-side.
12:32 of 1st period - Tyler Ennis wins face-off versus Mitchell Marner in neutral zone.
12:38 of 1st period - Tyler Pitlick is hit by Mitchell Marner and loses puck.
13:09 of 1st period - Shot by Mitchell Marner.
13:09 of 1st period - Shot Blocked by Tyler Ennis.
13:11 of 1st period - Shot by Jaccob Slavin.
13:11 of 1st period - Shot Misses the Net.
13:35 of 1st period - Shot by Brock Boeser.
13:35 of 1st period - Shot Blocked by Tyler Pitlick.
13:37 of 1st period - Shot by Brock Boeser.
13:37 of 1st period - Shot Hit the Post.
14:08 of 1st period - Icing by Jeff Skinner.
14:09 of 1st period - Jamie Benn wins face-off versus Tyler Ennis in PHILADELPHIA zone.
14:20 of 1st period - Shot by Tyler Bertuzzi.
14:20 of 1st period - Shot Misses the Net.
14:22 of 1st period - Shot by Blake Coleman.
14:22 of 1st period - Goal by Blake Coleman - PHILADELPHIA : 1 - CALGARY : 3.
14:23 of 1st period - Elias Pettersson wins face-off versus Anthony Cirelli in neutral zone.
15:21 of 1st period - Minor Penalty to Adam Pelech for Diving.
15:22 of 1st period - Jamie Benn wins face-off versus Max Jones in PHILADELPHIA zone.
15:33 of 1st period - Shot by Brock Boeser.
15:33 of 1st period - Stopped by Anton Forsberg with a rebound.
15:35 of 1st period - Shot by Jake Gardiner.
15:35 of 1st period - Shot Blocked by Travis Sanheim.
15:37 of 1st period - Shot by Jake Gardiner.
15:37 of 1st period - Goal by Jake Gardiner - PHILADELPHIA : 1 - CALGARY : 4.
15:38 of 1st period - Chris Tierney wins face-off versus Andrew Shaw in neutral zone.
15:56 of 1st period - Off-side.
15:57 of 1st period - Jack Hughes wins face-off versus Jamie Benn in neutral zone.
16:27 of 1st period - Shot by Blake Coleman.
16:27 of 1st period - Shot Misses the Net.
16:31 of 1st period - Shot by Jamie Benn.
16:31 of 1st period - Shot Blocked by Brandon Montour.
16:37 of 1st period - Shot by Jamie Benn.
16:37 of 1st period - Stopped by Anton Forsberg without a rebound.
16:38 of 1st period - Mitchell Marner wins face-off versus Anthony Cirelli in PHILADELPHIA zone.
16:43 of 1st period - Shot by Elias Pettersson.
16:43 of 1st period - Shot Blocked by Erik Gudbranson.
17:03 of 1st period - Shot by Rickard Rakell.
17:03 of 1st period - Goal by Rickard Rakell - PHILADELPHIA : 2 - CALGARY : 4.
17:04 of 1st period - Chris Tierney wins face-off versus Andrew Shaw in neutral zone.
17:20 of 1st period - Double Minor Penalty to Zach Bogosian for Slashing.
17:20 of 1st period - Minor Penalty to Andy Andreoff for Tripping.
17:21 of 1st period - Mitchell Marner wins face-off versus Rickard Rakell in CALGARY zone.
18:19 of 1st period - Icing by Rasmus Dahlin.
18:20 of 1st period - Jeff Skinner wins face-off versus Patrik Laine in CALGARY zone.
18:41 of 1st period - Shot by Patrik Laine.
18:41 of 1st period - Stopped by Anton Forsberg with a rebound.
18:43 of 1st period - Shot by Patrik Laine.
18:43 of 1st period - Stopped by Anton Forsberg without a rebound.
18:44 of 1st period - Mitchell Marner wins face-off versus Rickard Rakell in PHILADELPHIA zone.
19:27 of 1st period - Shot by Tyler Ennis.
19:27 of 1st period - Stopped by Pavel Francouz without a rebound.
19:28 of 1st period - Jamie Benn wins face-off versus Tyler Ennis in CALGARY zone.
19:28 of 1st period - Jamie Benn is hit by Tyler Pitlick.
19:46 of 1st period - Shot by Tyler Ennis.
19:46 of 1st period - Shot Misses the Net.
19:52 of 1st period - Shot by Travis Sanheim.
19:52 of 1st period - Shot Blocked by Jamie Benn.
Goals for this period are 2 for PHILADELPHIA vs 4 for CALGARY.
Shots for this period are 9 for PHILADELPHIA vs 17 for CALGARY.

2nd period


0:01 of 2nd period - Rickard Rakell wins face-off versus Jamie Benn in neutral zone.
0:13 of 2nd period - Anthony Cirelli is hit by Jaccob Slavin and loses puck.
0:26 of 2nd period - Shot by Brandon Montour.
0:26 of 2nd period - Stopped by Pavel Francouz without a rebound.
0:27 of 2nd period - Jamie Benn wins face-off versus Tyler Ennis in CALGARY zone.
0:27 of 2nd period - Jamie Benn is hit by Jeff Skinner.
1:31 of 2nd period - Shot by Andrew Shaw.
1:31 of 2nd period - Shot Misses the Net.
1:33 of 2nd period - Shot by Andy Andreoff.
1:33 of 2nd period - Shot Misses the Net.
1:35 of 2nd period - Shot by Korbinian Holzer.
1:35 of 2nd period - Stopped by Pavel Francouz without a rebound.
1:36 of 2nd period - Chris Tierney wins face-off versus Anthony Cirelli in CALGARY zone.
2:00 of 2nd period - Shot by Jaccob Slavin.
2:00 of 2nd period - Stopped by Anton Forsberg with a rebound.
2:02 of 2nd period - Shot by Mikhail Sergachev.
2:02 of 2nd period - Shot Misses the Net.
2:04 of 2nd period - Shot by Chris Tierney.
2:04 of 2nd period - Stopped by Anton Forsberg without a rebound.
2:05 of 2nd period - Jamie Benn wins face-off versus Andy Andreoff in PHILADELPHIA zone.
2:22 of 2nd period - Shot by Blake Coleman.
2:22 of 2nd period - Stopped by Anton Forsberg with a rebound.
2:33 of 2nd period - Tyler Bertuzzi is hit by Erik Gudbranson and loses puck.
2:46 of 2nd period - Max Jones is hit by Tyler Bertuzzi and loses puck.
2:54 of 2nd period - Icing by Erik Gudbranson.
2:55 of 2nd period - Andrew Shaw wins face-off versus Elias Pettersson in PHILADELPHIA zone.
3:18 of 2nd period - Icing by Mikhail Sergachev.
3:19 of 2nd period - Tyler Ennis wins face-off versus Elias Pettersson in CALGARY zone.
3:29 of 2nd period - Icing by Jaccob Slavin.
3:30 of 2nd period - Anthony Cirelli wins face-off versus Elias Pettersson in CALGARY zone.
4:08 of 2nd period - Minor Penalty to Jamie Benn for Holding.
4:09 of 2nd period - Tyler Ennis wins face-off versus Blake Coleman in CALGARY zone.
4:44 of 2nd period - Shot by Travis Sanheim.
4:44 of 2nd period - Shot Misses the Net.
4:46 of 2nd period - Shot by Travis Sanheim.
4:46 of 2nd period - Shot Blocked by Blake Coleman.
5:21 of 2nd period - Shot by Anthony Cirelli.
5:21 of 2nd period - Shot Misses the Net.
5:35 of 2nd period - Shot by Travis Sanheim.
5:35 of 2nd period - Shot Misses the Net.
5:37 of 2nd period - Shot by Tyler Ennis.
5:37 of 2nd period - Shot Blocked by Markus Nutivaara.
6:36 of 2nd period - Mitchell Marner is hit by Korbinian Holzer and loses puck.
7:20 of 2nd period - Jamie Benn is hit by Anthony Cirelli and loses puck.
7:35 of 2nd period - Shot by Rickard Rakell.
7:35 of 2nd period - Shot Blocked by Anthony Bitetto.
7:42 of 2nd period - Shot by Rickard Rakell.
7:42 of 2nd period - Stopped by Pavel Francouz without a rebound.
7:43 of 2nd period - Chris Tierney wins face-off versus Jack Hughes in CALGARY zone.
7:48 of 2nd period - Shot by Jack Hughes.
7:48 of 2nd period - Stopped by Pavel Francouz without a rebound.
7:49 of 2nd period - Chris Tierney wins face-off versus Jack Hughes in CALGARY zone.
8:06 of 2nd period - Shot by Brock Boeser.
8:06 of 2nd period - Stopped by Anton Forsberg with a rebound.
8:11 of 2nd period - Chris Tierney is hit by Erik Gudbranson and loses puck.
8:17 of 2nd period - Icing by Erik Gudbranson.
8:18 of 2nd period - Elias Pettersson wins face-off versus Mathias Brome in PHILADELPHIA zone.
8:18 of 2nd period - Patrik Laine is hit by Travis Sanheim and loses puck.
8:25 of 2nd period - Shot by Mitchell Marner.
8:25 of 2nd period - Goal by Mitchell Marner - PHILADELPHIA : 2 - CALGARY : 5.
8:26 of 2nd period - Elias Pettersson wins face-off versus Anthony Cirelli in neutral zone.
8:40 of 2nd period - Shot by Anthony Cirelli.
8:40 of 2nd period - Shot Misses the Net.
8:42 of 2nd period - Shot by Anthony Cirelli.
8:42 of 2nd period - Stopped by Pavel Francouz without a rebound.
8:43 of 2nd period - Tyler Ennis wins face-off versus Tyler Bertuzzi in CALGARY zone.
9:00 of 2nd period - Shot by Tyler Pitlick.
9:00 of 2nd period - Shot Misses the Net.
9:02 of 2nd period - Shot by Jeff Skinner.
9:02 of 2nd period - Shot Misses the Net.
9:04 of 2nd period - Shot by Jeff Skinner.
9:04 of 2nd period - Stopped by Pavel Francouz without a rebound.
9:05 of 2nd period - Elias Pettersson wins face-off versus Anthony Cirelli in CALGARY zone.
9:44 of 2nd period - Patrik Laine is hit by Rickard Rakell and loses puck.
9:56 of 2nd period - Icing by Travis Sanheim.
9:57 of 2nd period - Jamie Benn wins face-off versus Anthony Cirelli in PHILADELPHIA zone.
10:52 of 2nd period - Shot by Tyler Ennis.
10:52 of 2nd period - Shot Misses the Net.
11:03 of 2nd period - Rasmus Dahlin is hit by Mikko Lehtonen and loses puck.
11:07 of 2nd period - Icing by Andy Andreoff.
11:08 of 2nd period - Andrew Shaw wins face-off versus Chris Tierney in PHILADELPHIA zone.
11:08 of 2nd period - Andrew Shaw is hit by Mikhail Sergachev.
11:23 of 2nd period - Andrew Shaw is hit by Brock Boeser and loses puck.
11:43 of 2nd period - Brock Boeser is hit by Korbinian Holzer.
11:49 of 2nd period - Shot by Chris Tierney.
11:49 of 2nd period - Shot Blocked by Korbinian Holzer.
12:10 of 2nd period - Minor Penalty to Korbinian Holzer for Hooking.
12:11 of 2nd period - Rickard Rakell wins face-off versus Elias Pettersson in PHILADELPHIA zone.
12:33 of 2nd period - Shot by Rickard Rakell.
12:33 of 2nd period - Stopped by Pavel Francouz with a rebound.
12:50 of 2nd period - Off-side.
12:51 of 2nd period - Jeff Skinner wins face-off versus Jamie Benn in neutral zone.
13:12 of 2nd period - Shot by Brock Boeser.
13:12 of 2nd period - Shot Misses the Net.
13:51 of 2nd period - Shot by Jaccob Slavin.
13:51 of 2nd period - Shot Misses the Net.
13:53 of 2nd period - Shot by Patrik Laine.
13:53 of 2nd period - Stopped by Anton Forsberg with a rebound.
13:55 of 2nd period - Shot by Jaccob Slavin.
13:55 of 2nd period - Shot Blocked by Erik Gudbranson.
13:57 of 2nd period - Shot by Jaccob Slavin.
13:57 of 2nd period - Stopped by Anton Forsberg without a rebound.
13:58 of 2nd period - Rickard Rakell wins face-off versus Jamie Benn in PHILADELPHIA zone.
14:11 of 2nd period - Shot by Derick Brassard.
14:11 of 2nd period - Shot Misses the Net.
14:13 of 2nd period - Shot by Derick Brassard.
14:13 of 2nd period - Stopped by Anton Forsberg with a rebound.
14:34 of 2nd period - Off-side.
14:35 of 2nd period - Jamie Benn wins face-off versus Jeff Skinner in neutral zone.
14:40 of 2nd period - Shot by Blake Coleman.
14:40 of 2nd period - Goal by Blake Coleman - PHILADELPHIA : 2 - CALGARY : 6.
14:41 of 2nd period - Tyler Ennis wins face-off versus Chris Tierney in neutral zone.
14:59 of 2nd period - Icing by Tyler Ennis.
15:00 of 2nd period - Jeff Skinner wins face-off versus Jamie Benn in PHILADELPHIA zone.
15:07 of 2nd period - Shot by Jeff Skinner.
15:07 of 2nd period - Stopped by Pavel Francouz with a rebound.
15:09 of 2nd period - Shot by Erik Gudbranson.
15:09 of 2nd period - Shot Misses the Net.
15:11 of 2nd period - Shot by Tyler Pitlick.
15:11 of 2nd period - Stopped by Pavel Francouz without a rebound.
15:12 of 2nd period - Anthony Cirelli wins face-off versus Elias Pettersson in CALGARY zone.
16:07 of 2nd period - Andre Burakovsky is hit by Jamie Benn.
16:14 of 2nd period - Off-side.
16:15 of 2nd period - Tyler Ennis wins face-off versus Brock Boeser in neutral zone.
16:22 of 2nd period - Shot by Jeff Skinner.
16:22 of 2nd period - Stopped by Pavel Francouz without a rebound.
16:23 of 2nd period - Jamie Benn wins face-off versus Tyler Ennis in CALGARY zone.
16:30 of 2nd period - Erik Gudbranson is hit by Blake Coleman.
16:44 of 2nd period - Shot by Jeff Skinner.
16:44 of 2nd period - Stopped by Pavel Francouz without a rebound.
16:45 of 2nd period - Chris Tierney wins face-off versus Andrew Shaw in CALGARY zone.
16:47 of 2nd period - Icing by Mikhail Sergachev.
16:48 of 2nd period - Chris Tierney wins face-off versus Andrew Shaw in CALGARY zone.
17:19 of 2nd period - Shot by Andrew Shaw.
17:19 of 2nd period - Stopped by Pavel Francouz without a rebound.
17:20 of 2nd period - Anthony Cirelli wins face-off versus Elias Pettersson in CALGARY zone.
17:40 of 2nd period - Icing by Jake Gardiner.
17:41 of 2nd period - Elias Pettersson wins face-off versus Tyler Ennis in CALGARY zone.
17:52 of 2nd period - Shot by Patrik Laine.
17:52 of 2nd period - Deflect By Elias Pettersson.
17:52 of 2nd period - Stopped by Anton Forsberg without a rebound.
17:53 of 2nd period - Jamie Benn wins face-off versus Rickard Rakell in PHILADELPHIA zone.
18:41 of 2nd period - Off-side.
18:42 of 2nd period - Elias Pettersson wins face-off versus Tyler Ennis in neutral zone.
18:49 of 2nd period - Shot by Markus Nutivaara.
18:49 of 2nd period - Shot Misses the Net.
18:51 of 2nd period - Shot by Elias Pettersson.
18:51 of 2nd period - Stopped by Anton Forsberg without a rebound.
18:52 of 2nd period - Chris Tierney wins face-off versus Andrew Shaw in PHILADELPHIA zone.
19:15 of 2nd period - Icing by Andrew Shaw.
19:16 of 2nd period - Elias Pettersson wins face-off versus Andrew Shaw in PHILADELPHIA zone.
19:24 of 2nd period - Max Jones is hit by Zach Bogosian and loses puck.
Goals for this period are 0 for PHILADELPHIA vs 2 for CALGARY.
Shots for this period are 12 for PHILADELPHIA vs 11 for CALGARY.

3rd period


0:01 of 3rd period - Jamie Benn wins face-off versus Tyler Ennis in neutral zone.
0:08 of 3rd period - Shot by Blake Coleman.
0:08 of 3rd period - Shot Misses the Net.
0:10 of 3rd period - Shot by Jamie Benn.
0:10 of 3rd period - Shot Misses the Net.
0:58 of 3rd period - Shot by Anthony Cirelli.
0:58 of 3rd period - Deflect By Andre Burakovsky.
0:58 of 3rd period - Stopped by Pavel Francouz without a rebound.
0:59 of 3rd period - Anthony Cirelli wins face-off versus Chris Tierney in CALGARY zone.
0:59 of 3rd period - Rickard Rakell is hit by Zach Bogosian and loses puck.
1:40 of 3rd period - Icing by Erik Gudbranson.
1:41 of 3rd period - Patrik Laine wins face-off versus Anthony Cirelli in PHILADELPHIA zone.
2:35 of 3rd period - Icing by Rasmus Dahlin.
2:36 of 3rd period - Elias Pettersson wins face-off versus Tyler Ennis in CALGARY zone.
2:48 of 3rd period - Brandon Montour is hit by Mikhail Sergachev and loses puck.
2:51 of 3rd period - Shot by Jeff Skinner.
2:51 of 3rd period - Deflect By Tyler Pitlick.
2:51 of 3rd period - Shot Misses the Net.
2:53 of 3rd period - Shot by Adam Pelech.
2:53 of 3rd period - Shot Misses the Net.
2:55 of 3rd period - Shot by Adam Pelech.
2:55 of 3rd period - Stopped by Pavel Francouz without a rebound.
2:56 of 3rd period - Andrew Shaw wins face-off versus Chris Tierney in CALGARY zone.
3:35 of 3rd period - Icing by Zach Bogosian.
3:36 of 3rd period - Chris Tierney wins face-off versus Anthony Cirelli in CALGARY zone.
5:06 of 3rd period - Icing by Adam Pelech.
5:07 of 3rd period - Chris Tierney wins face-off versus Anthony Cirelli in PHILADELPHIA zone.
5:12 of 3rd period - Shot by Derick Brassard.
5:12 of 3rd period - Stopped by Anton Forsberg without a rebound.
5:13 of 3rd period - Tyler Ennis wins face-off versus Chris Tierney in PHILADELPHIA zone.
5:51 of 3rd period - Shot by Jeff Skinner.
5:51 of 3rd period - Shot Misses the Net.
6:16 of 3rd period - Shot by Andy Andreoff.
6:16 of 3rd period - Stopped by Pavel Francouz without a rebound.
6:17 of 3rd period - Tyler Bertuzzi wins face-off versus Jack Hughes in CALGARY zone.
6:28 of 3rd period - Blake Coleman is hit by Korbinian Holzer and loses puck.
6:37 of 3rd period - Jamie Benn is hit by Jack Hughes and loses puck.
6:43 of 3rd period - Off-side.
6:44 of 3rd period - Mitchell Marner wins face-off versus Andrew Shaw in neutral zone.
7:27 of 3rd period - Mitchell Marner is hit by Mathias Brome and loses puck.
8:07 of 3rd period - Jaccob Slavin is hit by Korbinian Holzer and loses puck.
8:36 of 3rd period - Tyler Ennis is hit by Mikhail Sergachev and loses puck.
8:46 of 3rd period - Icing by Mikhail Sergachev.
8:47 of 3rd period - Jamie Benn wins face-off versus Anthony Cirelli in CALGARY zone.
8:51 of 3rd period - Off-side.
8:52 of 3rd period - Chris Tierney wins face-off versus Anthony Cirelli in neutral zone.
9:09 of 3rd period - Shot by Anthony Cirelli.
9:09 of 3rd period - Stopped by Pavel Francouz without a rebound.
9:10 of 3rd period - Andrew Shaw wins face-off versus Derick Brassard in CALGARY zone.
9:41 of 3rd period - Icing by Jaccob Slavin.
9:42 of 3rd period - Anthony Cirelli wins face-off versus Derick Brassard in CALGARY zone.
10:38 of 3rd period - Icing by Tyler Ennis.
10:39 of 3rd period - Tyler Ennis wins face-off versus Elias Pettersson in PHILADELPHIA zone.
11:05 of 3rd period - Shot by Jeff Skinner.
11:05 of 3rd period - Stopped by Pavel Francouz with a rebound.
11:13 of 3rd period - Shot by Elias Pettersson.
11:13 of 3rd period - Shot Blocked by Mikko Lehtonen.
11:49 of 3rd period - Shot by Tyler Bertuzzi.
11:49 of 3rd period - Stopped by Anton Forsberg without a rebound.
11:50 of 3rd period - Anthony Cirelli wins face-off versus Chris Tierney in PHILADELPHIA zone.
11:59 of 3rd period - Shot by Rickard Rakell.
11:59 of 3rd period - Stopped by Pavel Francouz without a rebound.
12:00 of 3rd period - Andrew Shaw wins face-off versus Chris Tierney in CALGARY zone.
12:08 of 3rd period - Mikhail Sergachev is hit by Andrew Shaw and loses puck.
12:12 of 3rd period - Mikhail Sergachev is hit by Erik Gudbranson and loses puck.
12:15 of 3rd period - Shot by Chris Tierney.
12:15 of 3rd period - Shot Misses the Net.
12:22 of 3rd period - Chris Tierney is hit by Erik Gudbranson and loses puck.
12:28 of 3rd period - Brock Boeser is hit by Erik Gudbranson and loses puck.
13:03 of 3rd period - Shot by Anthony Cirelli.
13:03 of 3rd period - Stopped by Pavel Francouz with a rebound.
13:05 of 3rd period - Shot by Andre Burakovsky.
13:05 of 3rd period - Stopped by Pavel Francouz without a rebound.
13:06 of 3rd period - Jack Hughes wins face-off versus Elias Pettersson in CALGARY zone.
13:06 of 3rd period - Adam Pelech is hit by Zach Bogosian and loses puck.
13:34 of 3rd period - Jack Hughes is hit by Zach Bogosian and loses puck.
13:43 of 3rd period - Zach Bogosian is hit by Eeli Tolvanen and loses puck.
13:55 of 3rd period - Elias Pettersson is hit by Korbinian Holzer and loses puck.
14:06 of 3rd period - Shot by Anthony Cirelli.
14:06 of 3rd period - Shot Misses the Net.
14:12 of 3rd period - Shot by Andre Burakovsky.
14:12 of 3rd period - Deflect By Anthony Cirelli.
14:12 of 3rd period - Stopped by Pavel Francouz without a rebound.
14:13 of 3rd period - Tyler Ennis wins face-off versus Chris Tierney in CALGARY zone.
14:14 of 3rd period - Shot by Travis Sanheim.
14:14 of 3rd period - Shot Misses the Net.
15:04 of 3rd period - Erik Gudbranson is hit by Jamie Benn and loses puck.
15:13 of 3rd period - Shot by Jamie Benn.
15:13 of 3rd period - Stopped by Anton Forsberg without a rebound.
15:14 of 3rd period - Anthony Cirelli wins face-off versus Elias Pettersson in PHILADELPHIA zone.
15:23 of 3rd period - Shot by Anthony Cirelli.
15:23 of 3rd period - Stopped by Pavel Francouz without a rebound.
15:24 of 3rd period - Jamie Benn wins face-off versus Andrew Shaw in CALGARY zone.
15:41 of 3rd period - Minor Penalty to Andrew Shaw for Hooking.
15:42 of 3rd period - Patrik Laine wins face-off versus Rickard Rakell in PHILADELPHIA zone.
16:39 of 3rd period - Shot by Rasmus Dahlin.
16:39 of 3rd period - Shot Misses the Net.
16:41 of 3rd period - Shot by Rasmus Dahlin.
16:41 of 3rd period - Stopped by Anton Forsberg without a rebound.
16:42 of 3rd period - Jeff Skinner wins face-off versus Jamie Benn in PHILADELPHIA zone.
16:51 of 3rd period - Shot by Jamie Benn.
16:51 of 3rd period - Stopped by Anton Forsberg with a rebound.
16:53 of 3rd period - Shot by Rasmus Dahlin.
16:53 of 3rd period - Stopped by Anton Forsberg without a rebound.
16:54 of 3rd period - Rickard Rakell wins face-off versus Jamie Benn in PHILADELPHIA zone.
17:24 of 3rd period - Shot by Rickard Rakell.
17:24 of 3rd period - Stopped by Pavel Francouz with a rebound.
18:32 of 3rd period - Icing by Jaccob Slavin.
18:33 of 3rd period - Tyler Ennis wins face-off versus Elias Pettersson in CALGARY zone.
18:38 of 3rd period - Shot by Jeff Skinner.
18:38 of 3rd period - Shot Misses the Net.
18:44 of 3rd period - Shot by Tyler Ennis.
18:44 of 3rd period - Stopped by Pavel Francouz without a rebound.
18:45 of 3rd period - Jack Hughes wins face-off versus Blake Coleman in CALGARY zone.
18:53 of 3rd period - Jack Hughes is hit by Anthony Bitetto and loses puck.
19:54 of 3rd period - Shot by Patrik Laine.
19:54 of 3rd period - Stopped by Anton Forsberg with a rebound.
19:56 of 3rd period - Shot by Patrik Laine.
19:56 of 3rd period - Shot Misses the Net.
Goals for this period are 0 for PHILADELPHIA vs 0 for CALGARY.
Shots for this period are 12 for PHILADELPHIA vs 7 for CALGARY.